 Dungeon Crawl Stone Soup version 0.17-a0-1485-g22cb0ee (console) character file.

583750 Fusha the Phalangite (level 27, -18/397 HPs)
             Began as a Naga Gladiator on July 5, 2015.
             Was the Champion of Cheibriados.
             Demolished by a caustic shrike (20 damage)
             ... on level 4 of the Depths.
             The game lasted 05:44:49 (66210 turns).

Fusha the Phalangite (Naga Gladiator)              Turns: 66210, Time: 05:44:50

Health: -18/397    AC: 13    Str: 47    XL:     27
Magic:  34/43      EV: -2    Int: 25    God:    Cheibriados [******]
Gold:   5778       SH: 24    Dex: 30    Spells: 10 memorised, 16 levels left

rFire  . . .     SeeInvis +     a - +9 demon trident (elec)
rCold  . . .     Clarity  .     (armour currently unavailable)
rNeg   + + +     SustAt   .     F - +5 shield
rPois  +         Gourm    .     (helmet currently unavailable)
rElec  +         Spirit   .     (cloak currently unavailable)
rCorr  .         Warding  +     (gloves currently unavailable)
rMut   .         NoTele   +     (no barding)
MR     +++..                    Q - amulet "Demueli" {Ward rElec rN+ MP+9}
Stlth  ++++++++++               R - ring of Xom's Ringing Laughter {EV+4 Str+4}
                                S - ring of Wishful Thinking {rN+ Slay+5 Stlth+}

@: tree-form, corroded equipment, constricted, repel missiles, very slow,
extremely resistant to hostile enchantments, uncannily stealthy
A: see invisible, agile 1, (deformed body), (poison resistance), (slowness 0),
slow metabolism 1, spit poison 2, (constrict 1), AC +9
a: Spit Poison, Bend Time, Temporal Distortion, Slouch, Step From Time, Renounce
Religion
}: 3/15 runes: barnacled, silver, gossamer


You were on level 4 of the Depths.
You worshipped Cheibriados.
Cheibriados was exalted by your worship.
You were not hungry.
You were a tree.
You visited 10 branches of the dungeon, and saw 51 of its levels.
You also visited: Labyrinth, Ossuary, Bailey and Ice Cave.

You collected 9479 gold pieces.
You spent 3701 gold pieces at shops.

Inventory:

Hand weapons
 a - a +9 demon trident of electrocution (weapon)
Missiles
 J - 18 throwing nets (quivered)
Armour
 c - the +1 hat of the Nine Songs (melded) {rF+ Dex+4}
   (You found it on level 4 of the Shoals)

   It affects your dexterity (+4).
   It protects you from fire.
 l - the +6 scale mail "Geno" (melded) {rC+ MR++ Int-3 SInv}
   (You found it on level 4 of the Vaults)

   It affects your intelligence (-3).
   It protects you from cold.
   It affects your resistance to hostile enchantments.
   It lets you see invisible.
 o - a +4 naga barding of fire resistance (melded)
 y - a +2 pair of gloves (melded)
 F - a +5 shield (worn)
 G - a +2 cloak (melded)
Jewellery
 i - an uncursed ring of sustain attributes
 k - an uncursed amulet of resist corrosion
 Q - the amulet "Demueli" (around neck) {Ward rElec rN+ MP+9}
   (You took it off a deep elf annihilator on level 3 of the Elven Halls)

   [amulet of warding]

   It may prevent the melee attacks of summoned creatures.
   It insulates you from electricity.
   It protects you from negative energy.
   It affects your magic capacity (+9).
 R - the ring of Xom's Ringing Laughter (right branch) {EV+4 Str+4}
   (You found it in a labyrinth)

   [ring of evasion]

   It affects your evasion (+4).
   It affects your strength (+4).
 S - the ring of Wishful Thinking (left branch) {rN+ Slay+5 Stlth+}
   (You found it in a labyrinth)

   [ring of stealth]

   It affects your accuracy and damage with ranged weapons and melee attacks
   (+5).
   It protects you from negative energy.
   It makes you more stealthy.
Magical devices
 u - a wand of teleportation (9)
 w - a wand of polymorph (9)
 C - a wand of lightning (2)
 D - a wand of invisibility (4)
 E - a wand of digging (7)
 I - a wand of lightning (3)
Scrolls
 b - 5 scrolls of immolation
 f - 2 scrolls of summoning
 q - 2 scrolls of teleportation
 t - 2 scrolls of identify
 A - 4 scrolls of silence
 M - 2 scrolls of holy word
 P - 6 scrolls of fear
 U - 22 scrolls of remove curse
 X - 5 scrolls of blinking
 Y - 3 scrolls of magic mapping
 Z - 5 scrolls of recharging
Potions
 e - 20 potions of curing
 g - 2 potions of agility
 j - 9 potions of flight
 m - 4 potions of magic
 n - a potion of invisibility
 L - a potion of cancellation
 T - 2 potions of might
Miscellaneous
 h - a phial of floods
 s - a plain deck of changes {drawn: 1}
 v - an ornate deck of destruction {the Hammer}
 x - a box of beasts
 z - a box of beasts
 B - a stone of tremors
 H - a box of beasts {used: 5}
 K - a fan of gales
 N - a disc of storms
 O - a plain deck of wonders {Wild Magic, drawn: 1}
 V - a plain deck of wonders {the Alchemist}
 W - a lamp of fire
Comestibles
 d - 19 bread rations


   Skills:
 + Level 19.0 Fighting
 * Level 24.3 Polearms
 - Level 6.0 Throwing
 - Level 12.7 Armour
 - Level 12.0 Dodging
 - Level 15.0 Stealth
 - Level 15.8 Shields
 - Level 4.6 Spellcasting
 - Level 9.0 Hexes
 - Level 10.6 Charms
 - Level 3.0 Summonings
 - Level 6.4 Necromancy
 - Level 9.6 Invocations
 + Level 15.6 Evocations


You had 16 spell levels left.
You knew the following spells:

 Your Spells              Type           Power        Failure   Level  Hunger
a - Repel Missiles        Chrm/Air       ####..       1%          2    None
b - Regeneration          Chrm/Necr      #####.....   1%          3    ##.....
c - Shroud of Golubria    Chrm/Tloc      ####......   1%          2    None
d - Infusion              Chrm           ######       1%          1    None
e - Spectral Weapon       Hex/Chrm       ######..     1%          3    ##.....
f - Song of Slaying       Chrm           ######..     1%          2    None
g - Summon Butterflies    Summ           ###.....     2%          1    None
h - Tukima's Dance        Hex            ######..     1%          3    ##.....
i - Animate Skeleton      Necr           N/A          1%          1    None
j - Apportation           Tloc           #.........   10%         1    None


Dungeon Overview and Level Annotations

Branches:
Dungeon (15/15)            Temple (0/1) D:6            Lair (8/8) D:10
 Shoals (4/4) Lair:5       Spider (4/4) Lair:3        Slime (0/6) Lair:8
    Orc (4/4) D:12            Elf (3/3) Orc:3        Vaults (5/5) D:13
  Crypt (3/3) Vaults:2       Tomb (1/3) Crypt:3      Depths (4/5) D:15

Altars:
Ashenzari
Cheibriados
Dithmenos
Gozag
Kikubaaqudgha
Nemelex Xobeh
Okawaru
Ru
Trog
Vehumet
Xom
Yredelemnul
The Shining One
Beogh
Jiyva

Shops:
D:10 =   D:13 %=}[   D:15 [   Orc:1 !   Orc:3 *   Orc:4 (!?[   Elf:1 =
Elf:3 }   Shoals:1 *   Shoals:2 =   Vaults:1 %[*:?   Vaults:3 !:::   Vaults:4 =
Depths:1 *

Portals:
Hell: Depths:1 Depths:2 Depths:3 Depths:4
Abyss: Depths:2
Pandemonium: Depths:2 Depths:3
Ziggurat: Depths:1


Innate Abilities, Weirdness & Mutations

You cannot wear boots.
((Your serpentine skin is tough (AC +9).))
You have supernaturally acute eyesight.
((Armour fits poorly on your strangely shaped body.))
((Your system is resistant to poisons.))
((You cover ground very slowly.))
You have a slow metabolism.
You can spit poison.
((You can use your snake-like lower body to constrict enemies.))
You are agile. (Dex +2)


Message History

Press: ? - help, v - describe, . - travel
Here: a caustic shrike (heavily wounded)
A huge open gate, spattered with blood.
Unknown command.
Drink which item? (? for menu, Esc to quit)
Okay, then.
Use which ability? (? or * to list)
You can feel time thicken for a moment.
You kill the caustic shrike!
Cheibriados thoroughly appreciates the change of pace.
Your Fighting skill increases to level 19!
You feel somewhat more hungry. The caustic shrike claws you!
* * * LOW HITPOINT WARNING * * *
You are splashed with acid!
The acid burns!
* * * LOW HITPOINT WARNING * * *
You block the tentacled monstrosity's attack. x3
* * * LOW HITPOINT WARNING * * *
The tentacled monstrosity constricts you!
The caustic shrike claws you!!
You die...

##.....≈≈≈...≈≈≈.....#
#.§..≈≈≈....≈≈≈≈≈....#
#..........≈≈..|≈≈...#
#∩._.......≈≈)..≈≈...#
#..........≈≈.[(≈≈...#
#.§..≈≈≈....≈≈≈≈≈....#
##.....≈≈≈...≈≈≈.....#
##......≈≈.........≈#
###♣b............≈≈#
#X†...........≈≈≈#
..''##...:...≈≈≈≈#
.....#####++#######
......# ......##
......## ......##


You could see a tentacled monstrosity and a caustic shrike.

Vanquished Creatures
  3 ancient liches
  A greater mummy (Tomb:1)
  Boris (Depths:3)
  Norris (Spider:2)
  4 caustic shrikes (Depths:4)
  2 golden dragons
  Arachne (Spider:2)
  7 liches
  A bone dragon (Crypt:3)
  3 large abominations
  The ghost of patman the Fencer, a mighty HuAr of Cheibriados (Shoals:4)
  5 tentacled monstrosities
  5 titans
  3 deep elf master archers (Elf:3)
  2 deep elf blademasters (Elf:3)
  3 krakens
  9 sphinxes
  2 ancient champions
  Gastronok (D:11)
  An octopode crusher (Depths:3)
  4 storm dragons (Vaults:5)
  4 shadow dragons
  6 tengu reavers
  2 revenants
  8 deep elf sorcerers
  Ilsuiw (Shoals:4)
  A fire giant (shapeshifter) (Vaults:5)
  Maud (Orc:4)
  2 orc warlords
  12 vault wardens
  10 fire giants
  7 ghost moths
  7 frost giants
  4 curse skulls
  5 emperor scorpions
  5 war gargoyles
  2 ghouls (Crypt:2)
  15 stone giants
  6 vampire knights
  17 ironheart preservers
  14 very ugly things
  11 deep elf demonologists
  8 deep elf annihilators
  4 small abominations
  A salamander stormcaller (Vaults:5)
  3 eidola
  4 crystal guardians
  A minotaur (Lab)
  18 ettins
  Snorg (Orc:3)
  7 merfolk javelineers (Shoals:4)
  A quicksilver dragon zombie (Crypt:2)
  17 yaktaur captains
  8 jiangshi
  8 deep elf high priests
  8 deep elf death magi
  30 vault guards
  5 mummy priests (Tomb:1)
  11 merfolk impalers
  17 ogre magi
  2 rakshasas
  7 fire dragons
  3 great orbs of eyes
  8 ice dragons
  Harold (Orc:1)
  A quicksilver dragon skeleton (Crypt:1)
  A naga warrior (Depths:1)
  8 hydras
  8 entropy weavers
  2 death knights
  4 spriggan air magi
  8 merfolk aquamancers
  Erica (D:10)
  2 merfolk avatars (Shoals:4)
  An alligator snapping turtle (Shoals:3)
  A satyr (Shoals:4)
  8 tengu warriors
  21 dancing weapons
  9 centaur warriors
  7 vampire magi
  6 deep troll shamans
  A titan zombie (Crypt:3)
  27 death yaks
  The ghost of Ontamu the Grappler, a powerful VSMo of Okawaru (D:10)
  Urug (D:10)
  An orc high priest (Orc:2)
  2 spriggan berserkers (Depths:3)
  23 slime creatures
  9 iron trolls
  6 deep troll earth magi (Depths:3)
  Nergalle (Orc:2)
  12 hell knights
  8 death scarabs (Tomb:1)
  6 fire crabs
  3 shadow wraiths
  3 ice devils
  3 wizards
  22 skeletal warriors
  The ghost of patman the Carver, an experienced HuWn of Ashenzari (Bailey)
  4 flayed ghosts
  3 unseen horrors (shapeshifter)
  2 storm dragon skeletons (Crypt:3)
  6 unseen horrors
  31 deep trolls
  24 deep elf knights
  10 sea snakes
  4 giant orange brains
  An ice statue (Depths:4)
  A shadow dragon zombie (Crypt:2)
  14 hill giants
  A hill giant (shapeshifter) (Vaults:5)
  A wolf spider zombie (D:14)
  19 deep elf conjurers
  19 necromancers
  7 deep elf summoners
  A harpy (shapeshifter) (Vaults:1)
  An anaconda skeleton (Crypt:2)
  6 orc sorcerers
  40 ugly things
  18 ironbrand convokers
  14 orc knights
  8 phantasmal warriors
  17 orb spiders
  A stone giant zombie (Depths:1)
  13 harpies
  49 wolf spiders
  9 manticores
  10 fauns
  A fire giant zombie (Crypt:1)
  A shining eye (shapeshifter) (Vaults:5)
  A hornet (shapeshifter) (Vaults:2)
  11 hornets
  A frost giant zombie (Depths:1)
  11 griffons
  A frost giant skeleton (Depths:1)
  A sphinx skeleton (Vaults:3)
  4 water nymphs
  A shadow dragon skeleton (Crypt:2)
  4 moths of wrath
  6 black mambas
  Maurice (D:9)
  An octopode (shapeshifter) (Vaults:5)
  A stone giant skeleton (Crypt:3)
  7 cyclopes
  A dire elephant zombie (Crypt:2)
  Joseph (D:7)
  A shock serpent zombie (Crypt:1)
  4 torpor snails
  A guardian serpent (Depths:1)
  11 sirens
  10 elephants
  15 vault sentinels
  5 gargoyles
  3 catoblepas zombies
  A titan simulacrum (Crypt:3)
  A torpor snail (shapeshifter) (Vaults:3)
  A dire elephant skeleton (Crypt:1)
  A rust devil (Depths:3)
  13 komodo dragons
  A redback zombie (D:14)
  An emperor scorpion zombie (Crypt:2)
  A spiny frog (shapeshifter) (Depths:2)
  4 fire drakes
  A kobold demonologist (Vaults:1)
  An iron troll zombie (Crypt:2)
  22 demonic crawlers
  A grey draconian zombie (Crypt:2)
  24 spiny frogs
  A fire drake (shapeshifter) (Elf:2)
  2 golden dragon simulacra
  45 yaktaurs
  9 tengu conjurers
  9 freezing wraiths
  8 guardian mummies (Tomb:1)
  A hellwing (Depths:3)
  4 blue devils (Depths:4)
  16 deep elf priests
  A yaktaur skeleton (Vaults:3)
  A hydra zombie (Crypt:3)
  A white draconian skeleton (Crypt:1)
  A grey draconian skeleton (Crypt:1)
  2 tengu simulacra (Vaults:3)
  28 two-headed ogres
  A wandering mushroom (Lair:6)
  2 raiju (Lair:8)
  3 wolf spider simulacra
  8 polar bears (Lair:8)
  16 trolls
  36 jumping spiders
  30 merfolk
  Grinder (D:3)
  4 fire dragon zombies
  A polar bear (shapeshifter) (Vaults:2)
  Prince Ribbit (D:7)
  5 bog bodies (Crypt:2)
  A spriggan zombie (Depths:2)
  8 boulder beetles
  A hornet zombie (Crypt:1)
  2 ushabtiu (Tomb:1)
  3 ettin zombies
  33 blink frogs
  2 hydra skeletons (Crypt:3)
  2 ice dragon zombies
  A trapdoor spider zombie (D:13)
  A stone giant simulacrum (Depths:2)
  16 snapping turtles
  A fire giant simulacrum (Vaults:3)
  33 flying skulls
  2 shadows
  A wyvern (shapeshifter) (Elf:3)
  An ice dragon skeleton (Depths:1)
  42 trapdoor spiders
  Sigmund (D:2)
  A fire dragon skeleton (Crypt:2)
  A spriggan (Depths:3)
  A satyr skeleton (Crypt:1)
  20 humans (D:13)
  7 wraiths
  67 redbacks
  45 yaks
  3 wyverns
  A dire elephant simulacrum (Crypt:1)
  5 fire bats
  2 ettin skeletons (Depths:2)
  20 water elementals
  A basilisk (shapeshifter) (Elf:1)
  19 hippogriffs
  5 hungry ghosts
  2 golden eyes (shapeshifter)
  A wind drake zombie (Crypt:1)
  5 steam dragons
  4 basilisks
  30 deep elf magi
  A tarantella (shapeshifter) (Vaults:5)
  20 vampire mosquitoes
  40 tarantellas
  3 mottled dragons
  Menkaure (D:6)
  13 wargs
  A wolf (shapeshifter) (Vaults:5)
  25 wolves
  31 deep elf fighters
  A human simulacrum (Vaults:2)
  26 water moccasins
  3 phantoms
  15 porcupines
  47 orc warriors
  A deep troll skeleton (Vaults:3)
  3 hell hounds (Lair:8)
  16 black bears
  A human skeleton (Depths:2)
  A torturous demonspawn skeleton (Crypt:2)
  A swamp drake (Lair:8)
  36 spiders
  14 ice beasts
  67 ogres
  2 wasps
  12 necrophages
  9 sky beasts
  20 centaurs
  20 crocodiles
  A crocodile (shapeshifter) (Depths:4)
  2 elf zombies (Ossuary)
  33 giant frogs
  4 big kobolds
  A brain worm (shapeshifter) (Vaults:3)
  4 brain worms (Spider:2)
  A gnoll sergeant (D:9)
  2 wyvern zombies
  5 scorpions
  4 killer bees (D:8)
  30 wights
  A snapping turtle simulacrum (Crypt:3)
  10 electric eels
  A swamp dragon simulacrum (Crypt:1)
  18 crimson imps
  4 centaur zombies
  2 giant frog zombies
  7 jellies
  2 wasp zombies
  14 hounds
  2 iron imps (Depths:3)
  A demonspawn zombie (Crypt:1)
  8 centaur skeletons
  6 quasits
  A soldier ant zombie (Crypt:2)
  48 orc wizards
  3 human zombies
  39 orc priests
  Jessica (D:2)
  A giant frog skeleton (D:9)
  11 iguanas
  8 worker ants
  29 sheep
  A big kobold zombie (Ossuary)
  2 hound zombies
  10 mummies
  7 gnolls
  84 river rats
  11 adders
  8 shadow imps
  13 white imps
  8 oozes
  An ufetubus (Depths:3)
  3 adder skeletons
  3 adder zombies
  3 worms
  233 orcs
  14 bats
  A bat skeleton (D:4)
  5 giant cockroaches
  22 goblins
  15 hobgoblins
  38 kobolds
  2 quokkas
  A ball python (D:4)
  4 giant geckos
  2 giant gecko skeletons
  6 giant newts
  A goblin zombie (Ossuary)
  4 hobgoblin zombies
  15 jackals
  A jackal skeleton (D:8)
  5 jackal zombies (Ossuary)
  A kobold skeleton (D:5)
  3 kobold zombies (Ossuary)
  2 orc skeletons (D:5)
  3 orc zombies
  6 quokka zombies (Ossuary)
  47 rats
  7 rat zombies (Ossuary)
  A crawling corpse (Vaults:2)
  A lost soul (Crypt:3)
  5 plants
  5 tentacles
3069 creatures vanquished.

Vanquished Creatures (collateral kills)
  An ancient lich (Depths:1)
  2 liches (Depths:1)
  4 merfolk avatars
  A manticore (Shoals:2)
  A siren (Shoals:2)
9 creatures vanquished.

Vanquished Creatures (others)
  A tengu reaver (Vaults:5)
  Wiglaf (Spider:4)
  A fire giant (Vaults:3)
  A blizzard demon (Depths:3)
  2 deep elf high priests
  7 death scarabs (Tomb:1)
  A deep elf conjurer (Vaults:5)
  A wolf spider (Spider:4)
  A necromancer (Crypt:2)
  A deep elf priest (Vaults:2)
  A sphinx simulacrum (Depths:4)
  A boulder beetle (Lair:8)
  A redback (Spider:4)
  2 deep elf magi (Elf:3)
  A chaos spawn (Depths:3)
  A swamp worm (shapeshifter) (Depths:2)
  A naga (Depths:1)
  An ogre (Vaults:2)
  A wasp (shapeshifter) (Vaults:5)
  An orc wizard (D:14)
  2 mummies (Tomb:1)
  An orc (D:10)
  A bush (Lair:2)
  115 fungi
  7 lost souls
  142 plants
  19 tentacles
  315 tentacle segments
630 creatures vanquished.

Grand Total: 3708 creatures vanquished

Notes
Turn   | Place    | Note
--------------------------------------------------------------
     0 | D:1      | Fusha the Naga Gladiator began the quest for the Orb.
     0 | D:1      | Reached XP level 1. HP: 19/19 MP: 1/1
   391 | D:2      | Reached XP level 2. HP: 20/26 MP: 2/2
   599 | D:2      | Reached XP level 3. HP: 18/33 MP: 3/3
   795 | D:2      | Noticed Jessica
   810 | D:2      | Killed Jessica
  1026 | D:1      | Reached XP level 4. HP: 32/40 MP: 4/4
  1463 | D:1      | Reached skill level 4 in Polearms
  2079 | D:2      | Noticed Sigmund
  2240 | D:2      | Killed Sigmund
  2240 | D:2      | Reached skill level 5 in Polearms
  2240 | D:2      | Reached XP level 5. HP: 32/49 MP: 5/5
  2240 | D:2      | Reached XP level 6. HP: 36/56 MP: 6/6
  2639 | D:3      | Found a faded altar to an unknown god.
  2793 | D:3      | Became a worshipper of Cheibriados the Contemplative
  2793 | D:3      | Acquired Cheibriados's first power
  2807 | D:3      | Found an iron altar of Okawaru.
  2913 | D:3      | Found a shimmering altar of Xom.
  3030 | D:3      | Noticed Grinder
  3039 | D:3      | Paralysed by Grinder for 4 turns
  3422 | D:4      | Found a sand-covered staircase.
  3427 | Ossuary  | Entered an ossuary
  3722 | Ossuary  | Reached XP level 7. HP: 56/64 MP: 7/7
  3846 | Ossuary  | Reached skill level 1 in Armour
  4105 | Ossuary  | Reached skill level 6 in Polearms
  5353 | D:4      | Found an opulent altar of Gozag.
  5367 | D:4      | Acquired Cheibriados's second power
  5419 | D:3      | Killed Grinder
  5419 | D:3      | Reached skill level 5 in Fighting
  5419 | D:3      | Reached skill level 1 in Invocations
  5419 | D:3      | Reached XP level 8. HP: 27/74 MP: 7/9
  6515 | D:4      | Acquired Cheibriados's third power
  7114 | D:5      | Entered Level 5 of the Dungeon
  7196 | D:5      | Found a sparkling altar of Nemelex Xobeh.
  7412 | D:5      | Found a glowing golden altar of the Shining One.
  8200 | D:6      | Noticed Menkaure
  8376 | D:6      | Reached skill level 1 in Spellcasting
  8641 | D:6      | Gained mutation: Your body sometimes deteriorates upon taking damage. [potion of mutation]
  8642 | D:6      | Lost mutation: Your body sometimes deteriorates upon taking damage. [potion of cure mutation]
  8655 | D:6      | Reached XP level 9. HP: 51/82 MP: 12/12
  8912 | D:6      | Reached skill level 5 in Invocations
  9287 | D:6      | Found a shadowy altar of Dithmenos.
  9339 | D:6      | Killed Menkaure
  9658 | D:6      | Found a staircase to the Ecumenical Temple.
  9961 | D:6      | Reached skill level 5 in Stealth
 10261 | D:7      | Reached skill level 7 in Stealth
 10486 | D:7      | Noticed Prince Ribbit
 10493 | D:7      | Reached skill level 8 in Stealth
 10493 | D:7      | Reached skill level 1 in Shields
 10493 | D:7      | Killed Prince Ribbit
 10493 | D:7      | Acquired Cheibriados's fourth power
 10493 | D:7      | Reached XP level 10. HP: 62/91 MP: 14/14
 10941 | D:7      | Noticed Joseph
 10956 | D:7      | Killed Joseph
 11636 | D:8      | Reached skill level 9 in Stealth
 11966 | D:8      | Noticed a white ugly thing
 12235 | D:8      | Killed a white ugly thing
 13451 | D:9      | Reached XP level 11. HP: 93/97 MP: 16/16
 13582 | D:9      | Reached skill level 5 in Armour
 14023 | D:10     | Entered Level 10 of the Dungeon
 14023 | D:10     | Noticed Maurice
 14033 | D:10     | Noticed Urug
 14047 | D:9      | Killed Maurice
 14083 | D:10     | Found Osegot's Jewellery Shoppe.
 14165 | D:10     | Noticed Erica
 14176 | D:10     | Killed Erica
 14176 | D:10     | Reached skill level 5 in Shields
 14179 | D:10     | Killed Urug
 14179 | D:10     | Reached skill level 5 in Dodging
 14706 | D:10     | Found a staircase to the Lair.
 14709 | D:10     | Noticed a hill giant
 14712 | D:10     | Killed a hill giant
 14719 | D:10     | Noticed Ontamu's ghost (powerful VSMo)
 15070 | D:10     | Killed Ontamu's ghost
 15601 | D:10     | Noticed a hill giant
 15632 | D:10     | Killed a hill giant
 16222 | Lair:1   | Entered Level 1 of the Lair of Beasts
 16326 | Lair:1   | Reached XP level 12. HP: 86/105 MP: 17/17
 16426 | Lair:1   | Reached skill level 10 in Polearms
 16614 | Lair:1   | Noticed a six-headed hydra
 16619 | Lair:1   | Killed a six-headed hydra
 19010 | Lair:2   | Reached skill level 11 in Polearms
 20446 | Lair:3   | Noticed a five-headed hydra
 20452 | Lair:3   | Killed a five-headed hydra
 20456 | Lair:3   | Found a frozen archway.
 20585 | IceCv    | Entered an ice cave
 20597 | IceCv    | Gained mutation: You can use your snake-like lower body to constrict enemies. [Naga growth]
 20597 | IceCv    | Reached XP level 13. HP: 94/111 MP: 18/18
 20970 | Lair:3   | Found a hole to the Spider Nest.
 21119 | Lair:3   | Reached skill level 12 in Polearms
 22399 | Lair:4   | Found a shattered altar of Ashenzari.
 23664 | Lair:5   | Found a sacrificial altar of Ru.
 23873 | Lair:5   | Found a staircase to the Shoals.
 24413 | Lair:6   | Reached XP level 14. HP: 86/129 MP: 21/21
 24416 | Lair:6   | Reached skill level 1 in Evocations
 26063 | Lair:7   | Reached skill level 5 in Evocations
 26063 | Lair:7   | Reached skill level 10 in Stealth
 26350 | Lair:7   | Reached skill level 13 in Polearms
 26362 | Lair:7   | Learned a level 2 spell: Repel Missiles
 26882 | Lair:8   | Entered Level 8 of the Lair of Beasts
 27282 | Lair:8   | Found a labyrinth entrance.
 27291 | Lair:8   | Found a staircase to the Slime Pits.
 27293 | Lab      | Entered a labyrinth
 27838 | Lab      | Got a heavily runed brass ring
 27838 | Lab      | Got a heavily runed jade ring
 27845 | Lab      | Learned a level 3 spell: Regeneration
 27848 | Lab      | Learned a level 2 spell: Shroud of Golubria
 27850 | Lab      | Learned a level 1 spell: Infusion
 27854 | Lab      | Learned a level 3 spell: Spectral Weapon
 27857 | Lab      | Learned a level 2 spell: Song of Slaying
 27858 | Lab      | Identified the ring of Xom's Ringing Laughter {EV+4 Str+4} (You found it in a labyrinth)
 27864 | Lab      | Identified the ring of Wishful Thinking {rN+ Slay+5 Stlth+} (You found it in a labyrinth)
 27920 | Lair:8   | Reached XP level 15. HP: 53/135 MP: 7/22
 28273 | Lair:8   | Reached skill level 1 in Charms
 28561 | Lair:8   | Found a viscous altar of Jiyva.
 28998 | Lair:8   | Got a clouded lead ring
 29000 | Lair:8   | Identified the ring "Koaw" {rPois EV+1 Int+4} (You found it on level 8 of the Lair of Beasts)
 29228 | Lair:8   | Identified the Collected Works on Flying Good Luck (You found it on level 8 of the Lair of Beasts)
 29244 | Lair:8   | Reached skill level 5 in Charms
 29417 | Lair:8   | Reached skill level 14 in Polearms
 30038 | Lair:8   | Reached skill level 1 in Necromancy
 30903 | D:11     | Noticed Gastronok
 30921 | D:11     | Killed Gastronok
 31383 | D:11     | Found a runed door.
 31390 | D:11     | Noticed a sphinx
 31394 | D:11     | Paralysed by a sphinx for 4 turns
 31408 | D:11     | Killed a sphinx
 31863 | D:12     | Reached XP level 16. HP: 146/146 MP: 23/23
 31907 | D:12     | Reached skill level 5 in Necromancy
 32119 | D:12     | Reached skill level 10 in Fighting
 32245 | D:12     | Found a staircase to the Orcish Mines.
 32779 | D:13     | Reached skill level 1 in Hexes
 32834 | D:13     | Found a gate to the Vaults.
 33117 | D:13     | Found Heirizuo's Antique Armour Shoppe.
 33125 | D:13     | Bought a distressingly furry ring mail for 225 gold pieces
 33137 | D:13     | Identified the +7 ring mail "Ituenyg" {SInv} (You bought it in a shop on level 13 of the Dungeon)
 33303 | D:13     | Found Eshuhae's Gadget Shoppe.
 33311 | D:13     | Bought a legendary deck of summoning for 338 gold pieces
 33373 | D:13     | Found Miebejie's Food Emporium.
 33386 | D:13     | Found Xodoh's Jewellery Emporium.
 33809 | D:14     | Found a flagged portal.
 33824 | Bailey   | Entered a bailey
 33846 | Bailey   | Noticed patman's ghost (experienced HuWn)
 33858 | Bailey   | Killed patman's ghost
 34238 | D:14     | Reached skill level 5 in Hexes
 34376 | D:14     | Reached skill level 15 in Polearms
 34555 | D:14     | Got a distressingly furry leather armour
 34566 | D:14     | Identified the +3 leather armour "Vonaro" {MR+} (You found it on level 14 of the Dungeon)
 34644 | D:15     | Entered Level 15 of the Dungeon
 34967 | D:15     | Found a shattered altar of Ashenzari.
 34968 | D:15     | Found Veriughe's Antique Armour Boutique.
 34976 | D:15     | Bought a scorched chain mail for 304 gold pieces
 34989 | D:15     | Identified the +1 chain mail "Plog" {rC- rN+ Regen+} (You bought it in a shop on level 15 of the Dungeon)
 35092 | D:15     | Found a staircase to the Depths.
 35592 | Lair:3   | Reached XP level 17. HP: 137/157 MP: 24/24
 35608 | Spider:1 | Entered Level 1 of the Spider Nest
 35639 | Spider:1 | Learned a level 1 spell: Summon Butterflies
 36444 | Spider:1 | Reached skill level 5 in Throwing
 37819 | Spider:2 | Noticed Arachne
 37833 | Spider:2 | Killed Arachne
 37985 | Spider:2 | Noticed Norris
 38006 | Spider:2 | Killed Norris
 38871 | Spider:3 | Reached XP level 18. HP: 134/168 MP: 0/25
 39106 | Spider:3 | Reached skill level 10 in Armour
 39701 | Spider:4 | Entered Level 4 of the Spider Nest
 39744 | Spider:4 | Identified a scroll of acquirement
 39823 | Spider:4 | Noticed Wiglaf
 39839 | Spider:4 | Killed Wiglaf
 40216 | Spider:4 | Reached skill level 10 in Shields
 41527 | Spider:4 | Got a gossamer rune of Zot
 41892 | Shoals:1 | Entered Level 1 of the Shoals
 42022 | Shoals:1 | Reached XP level 19. HP: 115/175 MP: 26/26
 42485 | Shoals:1 | Found Penobris's General Store.
 42769 | Shoals:2 | Found Toorhim's Jewellery Boutique.
 43791 | Shoals:3 | Reached skill level 16 in Polearms
 44065 | Shoals:4 | Entered Level 4 of the Shoals
 44214 | Shoals:4 | Noticed Ilsuiw
 44260 | Shoals:4 | Killed Ilsuiw
 44651 | Shoals:4 | Noticed patman's ghost (mighty HuAr)
 44693 | Shoals:4 | Killed patman's ghost
 44858 | Shoals:4 | Got a barnacled rune of Zot
 45281 | Shoals:4 | Reached XP level 20. HP: 174/183 MP: 27/27
 45296 | Shoals:4 | Got a fine hat
 45302 | Shoals:4 | Identified the +1 hat of the Nine Songs {rF+ Dex+4} (You found it on level 4 of the Shoals)
 45335 | Shoals:4 | Reached skill level 17 in Polearms
 45895 | D:10     | Gained mutation: Your body sometimes deteriorates upon taking damage. [potion of mutation]
 45895 | D:10     | Gained mutation: You are partially covered in slimy green scales (AC +2). [potion of mutation]
 45895 | D:10     | Gained mutation: Your mind is acute. (Int +2) [potion of mutation]
 45896 | D:10     | Lost mutation: Your mind is acute. (Int +2) [potion of cure mutation]
 45896 | D:10     | Lost mutation: Your body sometimes deteriorates upon taking damage. [potion of cure mutation]
 45896 | D:10     | Lost mutation: You are partially covered in slimy green scales (AC +2). [potion of cure mutation]
 46031 | Orc:1    | Entered Level 1 of the Orcish Mines
 46031 | Orc:1    | Found Yhivoxe's Distillery.
 46090 | Orc:1    | Noticed Harold
 46099 | Orc:1    | Killed Harold
 46161 | Orc:1    | Bought a potion of heal wounds for 70 gold pieces
 46161 | Orc:1    | Bought a potion of heal wounds for 70 gold pieces
 46161 | Orc:1    | Bought a potion of agility for 56 gold pieces
 46161 | Orc:1    | Bought a potion of lignification for 42 gold pieces
 46500 | Orc:2    | Found a bloodstained altar of Trog.
 46525 | Orc:2    | Noticed Nergalle
 46540 | Orc:2    | Killed Nergalle
 46711 | Orc:2    | Found a bloodstained altar of Trog.
 47002 | Orc:3    | Found Dessusm's General Store.
 47008 | Orc:3    | Noticed Snorg
 47016 | Orc:3    | Killed Snorg
 47145 | Orc:3    | Found a staircase to the Elven Halls.
 47584 | Orc:4    | Entered Level 4 of the Orcish Mines
 47592 | Orc:4    | Noticed Maud
 47601 | Orc:4    | Killed Maud
 47604 | Orc:4    | Found a roughly hewn altar of Beogh.
 47664 | Orc:4    | Found Goaledes's Distillery.
 47797 | Orc:4    | Found Xaotolle's Antique Weapon Shop.
 47811 | Orc:4    | Found Namaboqy's Armour Shoppe.
 47814 | Orc:4    | Bought a potion of cancellation for 96 gold pieces
 47814 | Orc:4    | Bought a potion of agility for 48 gold pieces
 47814 | Orc:4    | Bought a potion of might for 48 gold pieces
 47814 | Orc:4    | Bought a potion of heal wounds for 60 gold pieces
 47814 | Orc:4    | Bought a potion of might for 48 gold pieces
 47821 | Orc:4    | Found Lomm's Magic Scroll Emporium.
 48308 | Vaults:1 | Entered Level 1 of the Vaults
 48391 | Vaults:1 | Found Tirph's Food Boutique.
 48391 | Vaults:1 | Found Zusuumet's Armour Boutique.
 48403 | Vaults:1 | Found Ecyrch's General Store.
 48514 | Vaults:1 | Found Pefestro's Book Boutique.
 48667 | Vaults:1 | Learned a level 3 spell: Tukima's Dance
 49124 | Vaults:1 | Found Entefrus's Magic Scroll Shoppe.
 49182 | Vaults:1 | Bought a scroll of enchant weapon for 112 gold pieces
 49182 | Vaults:1 | Bought a scroll of enchant armour for 112 gold pieces
 49579 | Vaults:1 | Gained mutation: You occasionally shout uncontrollably at your foes. [mutagenic meat]
 49580 | Vaults:1 | Gained mutation: You evolve. [mutagenic meat]
 49799 | Vaults:2 | Gained mutation: You are partially covered in yellow scales (AC +2). [evolution]
 49799 | Vaults:2 | Lost mutation: You evolve. [end of evolution]
 49812 | Vaults:2 | Reached skill level 18 in Polearms
 50291 | Vaults:2 | Reached XP level 21. HP: 190/190 MP: 28/28
 50359 | Vaults:2 | Found a staircase to the Crypt.
 50359 | Vaults:2 | Found a basalt altar of Yredelemnul.
 50360 | Vaults:2 | Found an ancient bone altar of Kikubaaqudgha.
 50669 | Vaults:2 | Reached skill level 1 in Summonings
 50957 | Vaults:3 | Found Siamist's Book Emporium.
 51344 | Vaults:3 | Found Kiqal's Book Shoppe.
 51353 | Vaults:3 | Bought a manual of Shields for 1324 gold pieces
 51611 | Vaults:3 | Gained mutation: Your spells are a little harder to cast, but a little more powerful. [mutagenic meat]
 51612 | Vaults:3 | Lost mutation: Your spells are a little harder to cast, but a little more powerful. [potion of cure mutation]
 51612 | Vaults:3 | Lost mutation: You are partially covered in yellow scales (AC +2). [potion of cure mutation]
 51612 | Vaults:3 | Lost mutation: You occasionally shout uncontrollably at your foes. [potion of cure mutation]
 51758 | Vaults:3 | Found Xuasin's Book Shop.
 51939 | Vaults:3 | Found Hip Wice's Distillery.
 51945 | Vaults:3 | Bought a potion of heal wounds for 85 gold pieces
 51945 | Vaults:3 | Bought a potion of agility for 68 gold pieces
 51945 | Vaults:3 | Bought a potion of cure mutation for 595 gold pieces
 52793 | Vaults:4 | Gained mutation: You occasionally shout uncontrollably at your foes. [mutagenic meat]
 52794 | Vaults:4 | Gained mutation: You have a pair of small antennae on your head. [mutagenic meat]
 52795 | Vaults:4 | Gained mutation: Your magical capacity is low (-10% MP). [mutagenic meat]
 52799 | Vaults:4 | Gained mutation: You are occasionally teleported to nearby monsters. [mutagenic meat]
 52800 | Vaults:4 | Lost mutation: You have a pair of small antennae on your head. [potion of cure mutation]
 52800 | Vaults:4 | Lost mutation: Your magical capacity is low (-10% MP). [potion of cure mutation]
 52800 | Vaults:4 | Lost mutation: You occasionally shout uncontrollably at your foes. [potion of cure mutation]
 52800 | Vaults:4 | Lost mutation: You are occasionally teleported to nearby monsters. [potion of cure mutation]
 52837 | Vaults:4 | Reached XP level 22. HP: 202/202 MP: 29/29
 52937 | Vaults:4 | Found Isuodopi's Jewellery Boutique.
 52941 | Vaults:4 | Reached skill level 10 in Charms
 53310 | Vaults:4 | Got a spiked scale mail
 53321 | Vaults:4 | Identified the +6 scale mail "Geno" {rC+ MR++ Int-3 SInv} (You found it on level 4 of the Vaults)
 53486 | Vaults:5 | Entered Level 5 of the Vaults
 53516 | Vaults:5 | Reached skill level 15 in Shields
 53965 | Vaults:5 | Reached XP level 23. HP: 195/214 MP: 30/30
 53967 | Vaults:5 | Got a silver rune of Zot
 54198 | Vaults:5 | Reached skill level 19 in Polearms
 54212 | Vaults:5 | Noticed an ancient lich
 54245 | Vaults:5 | Killed an ancient lich
 54494 | Vaults:5 | Reached skill level 10 in Dodging
 54588 | Vaults:5 | Reached skill level 15 in Fighting
 54871 | Vaults:5 | Noticed an ancient lich
 54884 | Vaults:5 | Killed an ancient lich
 54921 | Vaults:5 | Gained mutation: You are agile. (Dex +2) [a shining eye]
 55060 | Vaults:5 | Got a pair of warped gloves
 55071 | Vaults:5 | Identified the +1 pair of gloves "Ciug" {rElec Str-4 Slay+4} (You found it on level 5 of the Vaults)
 55490 | Crypt:1  | Entered Level 1 of the Crypt
 55535 | Crypt:1  | Reached XP level 24. HP: 226/226 MP: 30/30
 56773 | Crypt:2  | Reached skill level 10 in Evocations
 56910 | Crypt:2  | Reached skill level 20 in Polearms
 56991 | Crypt:3  | Entered Level 3 of the Crypt
 57276 | Crypt:3  | Found an ancient bone altar of Kikubaaqudgha.
 57277 | Crypt:3  | Noticed an ancient lich
 57285 | Crypt:3  | Killed an ancient lich
 57343 | Crypt:3  | Got a wavering ruby amulet
 57343 | Crypt:3  | Got a fine iron ring
 57343 | Crypt:3  | Got a slimy copper ring
 57345 | Crypt:3  | Identified the amulet "Nin Gamoidd" {Ward rPois rN+ Str-3 Dex+3} (You found it on level 3 of the Crypt)
 57353 | Crypt:3  | Identified the ring of Generosity {rC+ rN+} (You found it on level 3 of the Crypt)
 57358 | Crypt:3  | Identified the ring "Pailineo" {rElec rN+ Dex+3} (You found it on level 3 of the Crypt)
 57700 | Crypt:3  | Found a staircase to the Tomb.
 57998 | Tomb:1   | Entered Level 1 of the Tomb of the Ancients
 58194 | Tomb:1   | Reached XP level 25. HP: 227/238 MP: 32/32
 58330 | Tomb:1   | Noticed a greater mummy
 58365 | Tomb:1   | Noticed a greater mummy
 58365 | Tomb:1   | Noticed a greater mummy
 58369 | Tomb:1   | Noticed a greater mummy
 58605 | Tomb:1   | Killed a greater mummy
 59243 | Elf:1    | Entered Level 1 of the Elven Halls
 59470 | Elf:1    | Found Bourany's Jewellery Emporium.
 59592 | Elf:1    | Found a radiant altar of Vehumet.
 60243 | Elf:2    | Found a runed gate.
 60243 | Elf:2    | Found a runed gate.
 60244 | Elf:2    | Found a runed gate.
 60327 | Elf:2    | Reached skill level 15 in Stealth
 60728 | Elf:2    | Found a radiant altar of Vehumet.
 60865 | Elf:3    | Entered Level 3 of the Elven Halls
 60866 | Elf:3    | Found Vaditiops's Quality Used Wands.
 61428 | Elf:3    | Reached skill level 21 in Polearms
 61706 | Elf:3    | Got a distressingly furry plate armour
 61721 | Elf:3    | Identified the +9 plate armour of Proximity {-Tele rC+ rCorr Stlth+} (You found it on level 3 of the Elven Halls)
 61854 | Elf:3    | Got a tiger eye-encrusted chain mail
 61865 | Elf:3    | Identified the +0 chain mail "Game" {+Fly} (You found it on level 3 of the Elven Halls)
 61881 | Elf:3    | Got a polished scale mail
 61892 | Elf:3    | Identified the cursed +1 scale mail of the Other World {rElec rN+} (You found it on level 3 of the Elven Halls)
 61966 | Elf:3    | Got a brightly glowing iron amulet
 61968 | Elf:3    | Identified the amulet "Demueli" {Ward rElec rN+ MP+9} (You took it off a deep elf annihilator on level 3 of the Elven Halls)
 62049 | Elf:3    | Identified the Tome of Hexes and Displacement (You found it on level 3 of the Elven Halls)
 62115 | Elf:3    | Reached XP level 26. HP: 248/250 MP: 33/33
 62538 | Depths:1 | Entered Level 1 of the Depths
 62599 | Depths:1 | Found Efrana's Serpentskin Sales.
 63352 | Depths:1 | Found a gateway to Hell.
 63395 | Depths:1 | Noticed an ancient lich
 63396 | Depths:1 | Found a gateway to a ziggurat.
 63511 | Depths:1 | Killed an ancient lich
 63581 | Depths:1 | Reached skill level 22 in Polearms
 63986 | Depths:2 | Drew Focus: Str increased to 27, Int decreased to 10
 64021 | Depths:2 | Found a one-way gate leading to the halls of Pandemonium.
 64394 | Depths:2 | Reached skill level 23 in Polearms
 64406 | Depths:2 | Found a one-way gate to the infinite horrors of the Abyss.
 64985 | Depths:3 | Reached skill level 15 in Evocations
 65159 | Depths:3 | Noticed Boris
 65169 | Depths:3 | Killed Boris
 65169 | Depths:3 | Reached XP level 27. HP: 262/262 MP: 34/34
 65475 | Depths:3 | Reached skill level 24 in Polearms
 66150 | Depths:4 | Found a snail-covered altar of Cheibriados.
 66161 | Depths:4 | Learned a level 1 spell: Animate Skeleton
 66163 | Depths:4 | Learned a level 1 spell: Apportation
 66210 | Depths:4 | HP: 17/397 [caustic shrike (16)]
 66210 | Depths:4 | HP: 2/397 [tentacled monstrosity (8)]
 66210 | Depths:4 | Demolished by a caustic shrike

Vault maps used:
D:1:      minmay_arrival_split_and_join, hex_medium
D:2:      minivault_25, hangedman_decor_diamond_cutter,
          minmay_rats_cheesy_pizza, uniq_sigmund, uniq_jessica
D:3:      xom_teletrap_fun, ecumenical_altar_1, first_bread,
          serial_bayou_ford_a, okawaru_trees_1, uniq_grinder
D:4:      nicolae_overflow_hidden_temple, nicolae_ossuary_entry_false_entrances,
          grunt_decor_mini_mirrors, dk_vineyard_2
D:5:      basic_altar, nicolae_tso_besieged_by_evil
D:6:      grunt_dithmenos_smoke_and_mirrors, minmay_temple_entry_fiery,
          uniq_menkaure
D:7:      uniq_joseph, uniq_prince_ribbit1
D:9:      hangedman_little_slice_of_home
D:10:     minmay_curly_fans, david_lair_generic, serial_shops, shop, uniq_erica,
          uniq_maurice, uniq_urug
D:11:     wad_hexagon, uniq_gastronok
D:12:     david_orc_4
D:13:     grunt_vaults_entry_tiered, serial_shops, nicolae_shop_stone, shop,
          shop, shop
D:14:     kennysheep_crisscross, enter_bailey_2
D:15:     grunt_enter_depths_snipers, serial_shops, shop, nrook_pool_corridor,
          basic_altar
Lair:1:   serial_bayou_lagoon_b, serial_bayou_shore_b
Lair:2:   beast_lair_carwin_5
Lair:3:   nicolae_spider_entry_orb_guardian, portal_ice_cave_entry_imps,
          grunt_megastairs_3
Lair:4:   basic_altar, serial_bayou, serial_bayou_lagoon_a,
          serial_bayou_crossing, serial_bayou_pond_d, serial_bayou_pond_d,
          serial_bayou_pond_d, serial_bayou_pond_d, lemuel_fruit_fields,
          lemuel_fruit_tree
Lair:5:   elwin_shoals_entry_rocks, basic_altar, serial_bayou_shore_a
Lair:8:   guppyfry_lair_end_dragon, hangedman_lair_caniforms_friends,
          slime_altar_1, lab_entry_generic
Shoals:1: serial_shops, shop, nicolae_shoals_square_sea_wall,
          hangedman_shoal_volcano
Shoals:2: serial_shops, nicolae_shop_temple_entry_statues_fountains
Shoals:3: nicolae_shoals_kraken_intersection
Shoals:4: shoals_end_simple, shoals_ilsuiw_alternative,
          nicolae_shoals_aquamancer_cove
Spider:1: spider_trap
Spider:2: mumra_spider_spiderweb, hangedman_stitches_earthworm, uniq_norris,
          uniq_arachne
Spider:3: guppyfry_spider_mini_3
Spider:4: grunt_spider_rune_parallel, nicolae_spider_webs_and_nodes, uniq_wiglaf
Orc:1:    serial_shops, shop, amalloy_card_club, uniq_harold
Orc:2:    basic_altar, trog_hazing_becter, uniq_nergalle
Orc:3:    serial_shops, shop_fountains, nicolae_orc_pool_cavern, uniq_snorg
Orc:4:    st_orc_open, mines2_david, uniq_maud
Elf:1:    basic_altar, serial_shops, nicolae_shop_crystal, orc_legates
Elf:2:    basic_altar
Elf:3:    nooodl_elf_gasket, nicolae_for_you_no_charge
Vaults:1: nicolae_vaults_little_squares_1, vaults_standard_mumra_lines,
          v_misc_10, nicolae_vaults_display_case,
          nicolae_vaults_windows_and_doors_thing, ontoclasm_vaults_misaligned,
          nicolae_vaults_little_ls, v_misc_24, vaults_room_grid,
          vaults_room_corners, serial_shops, shop, shop_statue, shop,
          nicolae_shop_statue_plus, nicolae_shop_waterfront
Vaults:2: grunt_vaults_trifunnel, ontoclasm_vaults_ring_small,
          nicolae_vaults_ring_of_whatevers, minmay_crypt_entry_necro_gods,
          hangedman_vaults_stitches, hangedman_vaults_pinch,
          ontoclasm_vaults_pinch, grunt_vaults_diagonal, v_alt_pattern_2,
          nicolae_vaults_little_squares_6, hangedman_vaults_cutoff,
          nicolae_vaults_alarming, vaults_dpeg_diagonal
Vaults:3: ontoclasm_vaults_fault, ontoclasm_vaults_chip, v_misc_29, kb_rosetta,
          ontoclasm_vaults_claustrophobia, nicolae_vaults_little_squares_6,
          v_misc_19, serial_shops, shop_statue, shop_fountains, shop_statue,
          nicolae_shop_window_shopping
Vaults:4: hangedman_vaults_nodes, vaults_mumra_chevron_long,
          vaults_room_door_ring, grunt_vaults_hallway_long, v_rooms_6,
          v_rooms_5, hangedman_vaults_stream, v_misc_1, hangedman_vaults_snaps,
          dpeg_vaults_waves, v_misc_16, v_misc_8, serial_shops, shop_statue
Crypt:2:  nicolae_crypt_cryptocurrency, hex_tiny
Crypt:3:  cryptofortress_bobbens
Depths:1: enter_ziggurat_c, minmay_misc_feat_rows, hell_entry,
          kennysheep_cross_bottleneck, wad_floor_pattern_untrapped,
          minmay_misc_feat_x, hangedman_abyss_or_decor_clamps,
          minmay_crystal_room, hangedman_abyss_or_decor_passed,
          minmay_statues_item, guppyfry_shop_venom
Depths:2: evilmike_cross, hangedman_abyss_entry_splay, minmay_door_square,
          hangedman_geh_valley, grunt_pan_entry_spiral,
          minmay_misc_feat_enclosed, grunt_ministairs_5
Depths:3: minmay_triangles_in_corner, hangedman_coc_ice_floe,
          minmay_misc_feat_room, grunt_pan_entry_zigzag,
          infiniplex_staircase_split_hallway, uniq_boris
Depths:4: grunt_profane_halls, hell_entry, abyss_entry, uniq_frederick
Lab:      nicolae_lab_t_cross, nicolae_lab_stuck
Ossuary:  minmay_ossuary_two_tombs
Bailey:   bailey_polearm_4, bailey
IceCv:    ice_cave_statue_garden_01

Action                   |  1- 3 |  4- 6 |  7- 9 | 10-12 | 13-15 | 16-18 | 19-21 | 22-24 | 25-27 || total
-------------------------+-------+-------+-------+-------+-------+-------+-------+-------+-------++-------
Melee: Trident           |    54 |    69 |    60 |  1252 |  1456 |   931 |       |       |       ||  3822
       Staff             |       |   440 |   632 |       |       |       |       |       |       ||  1072
       Dagger            |       |       |   146 |       |       |       |       |       |       ||   146
       Demon trident     |       |       |       |       |       |  1031 |  2169 |  1417 |  1289 ||  5906
 Fire: Blowgun           |       |       |       |       |       |    10 |     5 |       |       ||    15
Throw: Throwing net      |     4 |     2 |       |       |       |       |       |       |       ||     6
       Tomahawk          |       |       |       |    11 |     5 |       |       |       |       ||    16
       Javelin           |       |       |       |       |     4 |       |       |       |       ||     4
 Cast: Repel Missiles    |       |       |       |       |     1 |     2 |     6 |     5 |     6 ||    20
       Regeneration      |       |       |       |       |     6 |    16 |    32 |    22 |    36 ||   112
       Song of Slaying   |       |       |       |       |     5 |     6 |     6 |     3 |     3 ||    23
       Infusion          |       |       |       |       |       |     3 |       |       |       ||     3
       Spectral Weapon   |       |       |       |       |       |     1 |       |       |       ||     1
       Shroud of Golubri |       |       |       |       |       |       |       |       |     4 ||     4
Invok: Bend Time         |       |     3 |     4 |       |     1 |       |       |       |       ||     8
       Slouch            |       |       |     2 |    18 |    20 |       |       |     3 |     7 ||    50
       Temporal Distorti |       |       |     1 |       |     3 |     9 |     2 |     1 |     4 ||    20
       Step From Time    |       |       |       |       |       |       |       |       |     1 ||     1
 Abil: Spit Poison       |     3 |    23 |    15 |    17 |     6 |     1 |       |       |     2 ||    67
       Stop Singing      |       |       |       |       |       |       |     1 |       |     1 ||     2
Evoke: Wand              |       |       |    12 |     1 |     7 |    20 |    12 |     4 |    22 ||    78
       Deck              |       |       |       |       |       |       |     9 |       |     1 ||    10
       Box of beasts     |       |       |       |       |       |       |       |       |     5 ||     5
  Use: Scroll            |     2 |     9 |    14 |     6 |    12 |    16 |    11 |    12 |    15 ||    97
       Potion            |     1 |     6 |     5 |     3 |     8 |     4 |    10 |     2 |    12 ||    51
 Stab: Sleeping          |       |     2 |     5 |    35 |    34 |    68 |    11 |    15 |    42 ||   212
       Held in net/web   |       |     2 |       |       |       |       |       |       |       ||     2
       Distracted        |       |       |     2 |     6 |    21 |    26 |     2 |    10 |    15 ||    82
       Fleeing           |       |       |       |       |     2 |       |       |       |       ||     2
       Confused          |       |       |       |       |     1 |       |       |       |       ||     1
       Paralysed         |       |       |       |       |       |     2 |       |       |       ||     2
  Eat: Bread ration      |       |     2 |       |     1 |       |       |     3 |       |     1 ||     7
       Pizza             |       |     1 |       |     1 |     1 |     1 |     1 |       |     2 ||     7
       Meat ration       |       |       |     1 |     1 |       |     1 |     4 |     1 |     4 ||    12
       Fruit             |       |       |    12 |       |    17 |     5 |     4 |       |       ||    38
       Beef jerky        |       |       |     1 |       |     4 |       |     1 |     3 |     1 ||    10
       Royal jelly       |       |       |       |     7 |     6 |     9 |     1 |     2 |     1 ||    26
       Chunk             |       |       |       |       |       |       |     7 |       |       ||     7
